 Dungeon Crawl Stone Soup version 0.22-a0-833-g8522bf8 (webtiles) character file.

10952 Kuinu the Arsonist (level 11, -3/74 HPs)
             Began as a Red Draconian Fire Elementalist on July 25, 2018.
             Was an Elder of Vehumet.
             Slain by a shadow (10 damage)
             ... on level 11 of the Dungeon.
             The game lasted 00:58:57 (15672 turns).

Kuinu the Arsonist (DrFE)                          Turns: 15672, Time: 00:58:57

Health: -3/74      AC: 18    Str: 11    XL:     11   Next: 42%
Magic:  33/33      EV: 18    Int: 19    God:    Vehumet [****..]
Gold:   405        SH:  0    Dex: 11    Spells: 9/28 levels left

rFire    + . .     SeeInvis .   m - +1 dagger (protect)
rCold    . . .     Gourm    .   (no shield)
rNeg     . . .     Faith    .   (armour unavailable)
rPois    .         Spirit   .   (helmet restricted)
rElec    .         Reflect  .   P - +2 cloak
rCorr    .         Harm     .   G - +0 pair of gloves
MR       .....                  (no boots)
Stlth    +++.......             g - amulet of rage
HPRegen  0.22/turn              K - ring of magical power
MPRegen  0.23/turn              i - +6 ring of evasion

@: protection aura
A: breathe fire, unfitting armour, fire resistance 1, cold-blooded, AC +7
a: Breathe Fire, Renounce Religion, Evoke Berserk Rage


You were on level 11 of the Dungeon.
You worshipped Vehumet.
Vehumet was greatly pleased with you.
You were hungry.

You visited 2 branches of the dungeon, and saw 12 of its levels.
You also visited: Sewer.

You collected 664 gold pieces.
You spent 259 gold pieces at shops.

Inventory:

Hand Weapons
 c - a +0 club
 m - a +1 dagger of protection (weapon)
 w - a +0 giant club
 A - a +2 trident of freezing
 B - a +3 war axe
Armour
 D - a +0 cloak
 G - a +0 pair of gloves (worn)
 P - a +2 cloak (worn)
Jewellery
 g - an amulet of rage (around neck)
 h - an uncursed ring of positive energy
 i - a +6 ring of evasion (right hand)
 J - a +4 ring of dexterity
 K - a ring of magical power (left hand)
Wands
 F - a wand of random effects (86)
 N - a wand of enslavement (12)
Scrolls
 d - 6 scrolls of remove curse
 e - 2 scrolls of enchant armour
 j - 2 scrolls of noise
 k - 6 scrolls of random uselessness
 l - 7 scrolls of teleportation
 p - 5 scrolls of identify
 q - a scroll of fog
 x - 3 scrolls of blinking
 y - 2 scrolls of amnesia
 C - 5 scrolls of fear
 L - a scroll of holy word {unknown}
 Q - a scroll of immolation {unknown}
Potions
 a - a potion of might
 f - 2 potions of lignification
 n - 4 potions of brilliance
 o - a potion of ambrosia
 r - a potion of resistance
 s - a potion of magic {unknown}
 t - a potion of berserk rage {unknown}
 u - 3 potions of agility
 v - 2 potions of flight {unknown}
 z - 2 potions of mutation {unknown}
 E - 3 potions of heal wounds
 H - a potion of invisibility
 I - 4 potions of degeneration {unknown}
 M - 2 potions of curing
Comestibles
 b - 14 rations


   Skills:
 - Level 1.7 Dodging
 + Level 7.1 Stealth
 * Level 9.3 Spellcasting
 * Level 9.8 Conjurations
 * Level 11.9 Fire Magic


You had 9 spell levels left.
You knew the following spells:

 Your Spells              Type           Power        Failure   Level  Hunger
a - Flame Tongue          Conj/Fire      #####        1%          1    None
b - Throw Flame           Conj/Fire      ######       1%          2    None
c - Conjure Flame         Conj/Fire      ######..     1%          3    None
d - Sticky Flame          Conj/Fire      ######..     1%          4    ###....
e - Fireball              Conj/Fire      ######....   1%          5    #####..
f - Shock                 Conj/Air       ####         1%          1    None
g - Inner Flame           Hex/Fire       ####....     1%          3    None

Your spell library contained the following spells:

 Spells                   Type           Power        Failure   Level  Hunger
 Animate Dead             Necr           N/A          63%         4    ###....
 Pain                     Necr           #...         9%          1    None
 Animate Skeleton         Necr           N/A          9%          1    None
 Vampiric Draining        Necr           #.........   24%         3    None
 Regeneration             Chrm/Necr      #.........   24%         3    None


Dungeon Overview and Level Annotations

Branches:
Dungeon (11/15)            Temple (1/1) D:4            Lair (0/6) D:8
    Orc (0/2) D:10

Altars:
Ashenzari
Cheibriados
Dithmenos
Elyvilon
Fedhas
Gozag
Hepliaklqana
Kikubaaqudgha
Makhleb
Nemelex Xobeh
Okawaru
Qazlal
Ru
Sif Muna
Trog
Uskayaw
Vehumet
Wu Jian
Xom
Yredelemnul
Zin
The Shining One

Shops:
D:5 [   D:6 ?   D:11 :


Innate Abilities, Weirdness & Mutations

You can breathe blasts of fire.
Your fiery red scales are hard. (AC +7)
You cannot fit into any form of body armour.
Your flesh is heat resistant. (rF+)
You are cold-blooded and may be slowed by cold attacks.


Message History

The shadow flickers and vanishes!
Deactivating autopickup; reactivate with Ctrl-A.
You hit something.
The shadow strikes at you from the darkness!
* * * LOW HITPOINT WARNING * * *
Reactivating autopickup.
You hit the shadow but do no damage.
The shadow is heavily damaged.
The shadow completely misses you.
You barely miss the shadow.
The shadow is heavily damaged.
The shadow hits you.
* * * LOW HITPOINT WARNING * * *
You hit the shadow but do no damage.
The shadow is heavily damaged.
The shadow hits you.
You hit the shadow.
Your tail-slap misses the shadow.
The shadow is severely damaged.
The shadow hits you!
You die...

..# #### #..##
#.....## ..#
##..## ##.##
#....## ..#
#....####.##
#...## ..#
#.....##..# #####
..# #.....#..##
..#######.....#.##
................#
...#####......#.##
..## #....###.@#
..# #.#### ##W#
..# ### #........
### ##.......
....... #....{. #
...... .. #.#...
.. #....


You could see a shadow.

Vanquished Creatures
  A manticore (D:11)
  A komodo dragon (D:10)
  2 hornets
  3 trolls
  5 hippogriffs
  9 yaks
  2 hungry ghosts
  2 porcupines (D:8)
  2 sky beasts
  8 orc warriors
  4 phantoms
  A necrophage (D:9)
  3 ice beasts
  8 ogres
  A crocodile (D:8)
  4 centaurs
  10 big kobolds
  Blork the orc (D:4)
  5 bullfrogs
  2 gnoll sergeants (D:10)
  2 wyvern zombies (D:8)
  2 scorpions
  5 killer bees (D:9)
  3 wights (D:11)
  2 howler monkeys (D:5)
  4 crimson imps
  A bullfrog zombie (D:9)
  3 centaur zombies
  4 orc priests
  7 hounds
  3 bullfrog skeletons
  2 jellies (D:11)
  4 iguanas
  8 orc wizards
  10 worker ants
  A hound zombie (D:8)
  2 worker ant zombies
  Robin (D:4)
  4 gnolls (D:10)
  19 adders
  A shadow imp (D:11)
  5 oozes
  3 adder skeletons
  10 worms
  3 dart slugs
  4 leopard geckos
  28 orcs
  6 giant cockroaches
  18 goblins
  13 hobgoblins
  10 jackals
  3 quokkas
  4 ball pythons
  7 bats
  5 frilled lizards
  A jackal skeleton (D:5)
  30 kobolds
  11 rats
323 creatures vanquished.

Vanquished Creatures (others)
  An orc wizard (D:4)
  An orc (D:5)
  2 fungi (D:8)
  A plant (D:8)
5 creatures vanquished.

Grand Total: 328 creatures vanquished

Notes
Turn   | Place    | Note
-------+----------+-------------------------------------------
     0 | D:1      | Kuinu the Draconian Fire Elementalist began the quest for the Orb.
     0 | D:1      | Reached XP level 1. HP: 14/14 MP: 3/3
   351 | D:1      | Reached XP level 2. HP: 17/20 MP: 1/5
   365 | D:1      | Learned a level 2 spell: Throw Flame
  1305 | D:1      | Reached XP level 3. HP: 26/26 MP: 4/6
  2135 | D:2      | Learned a level 3 spell: Conjure Flame
  2336 | D:2      | Reached XP level 4. HP: 26/33 MP: 1/8
  2863 | D:3      | Found a hide-covered altar of Uskayaw.
  2949 | D:3      | Found a glowing drain.
  2964 | D:3      | Reached XP level 5. HP: 38/38 MP: 1/9
  2997 | D:3      | Reached skill level 4 in Fire Magic
  3071 | Sewer    | Entered a sewer
  3837 | Sewer    | Reached XP level 6. HP: 41/45 MP: 11/11
  4907 | D:4      | Found a basalt altar of Yredelemnul.
  4908 | D:4      | Noticed Robin
  5022 | D:4      | Your scales start taking on a fiery red colour.
  5022 | D:4      | Reached skill level 5 in Fire Magic
  5022 | D:4      | Reached XP level 7. HP: 28/50 MP: 0/13
  5022 | D:4      | Gained mutation: Your flesh is heat resistant. (rF+) [Red Draconian growth]
  5025 | D:4      | Reached skill level 6 in Fire Magic
  5062 | D:4      | Noticed Blork the orc
  5150 | D:4      | Killed Blork the orc
  5265 | D:4      | Killed Robin
  5414 | D:4      | Learned a level 4 spell: Sticky Flame
  5420 | D:4      | Learned a level 5 spell: Fireball
  5575 | D:4      | Noticed a moth of wrath
  5578 | D:4      | Found a bloodstained altar of Trog.
  6071 | D:4      | Found a staircase to the Ecumenical Temple.
  6105 | Temple   | Entered the Ecumenical Temple
  6253 | Temple   | Became a worshipper of Vehumet
  6351 | D:4      | Found a white marble altar of Elyvilon.
  6444 | D:5      | Entered Level 5 of the Dungeon
  6470 | D:5      | Reached XP level 8. HP: 39/57 MP: 8/15
  6595 | D:5      | Reached skill level 7 in Fire Magic
  6598 | D:5      | Reached skill level 5 in Spellcasting
  6652 | D:5      | Reached skill level 5 in Conjurations
  7139 | D:5      | Found Leanonyf's Armour Shoppe.
  7393 | D:5      | Reached * piety under Vehumet
  7393 | D:5      | Offered knowledge of Sandblast by Vehumet.
  7835 | D:5      | Found a deep blue altar of Sif Muna.
  8119 | D:6      | Found Utuuh's Magic Scroll Boutique.
  8128 | D:6      | Bought a scroll of identify for 28 gold pieces
  8128 | D:6      | Bought a scroll of identify for 28 gold pieces
  8128 | D:6      | Bought a scroll of identify for 28 gold pieces
  8128 | D:6      | Bought a scroll of blinking for 105 gold pieces
  8128 | D:6      | Bought a scroll of identify for 28 gold pieces
  8128 | D:6      | Bought a scroll of teleportation for 42 gold pieces
  8806 | D:6      | Reached skill level 8 in Fire Magic
  9679 | D:7      | Reached XP level 9. HP: 53/62 MP: 1/18
 10510 | D:8      | Reached skill level 5 in Stealth
 10777 | D:8      | Reached skill level 9 in Fire Magic
 11000 | D:8      | Reached ** piety under Vehumet
 11000 | D:8      | Offered knowledge of Shock by Vehumet.
 11003 | D:8      | Learned a level 1 spell: Shock
 11286 | D:8      | Found a white marble altar of Elyvilon.
 11320 | D:8      | Found a burning altar of Makhleb.
 11391 | D:8      | Found a staircase to the Lair.
 11686 | D:9      | Reached XP level 10. HP: 69/69 MP: 16/21
 11774 | D:9      | Reached skill level 10 in Fire Magic
 11909 | D:9      | Offered knowledge of Stone Arrow by Vehumet.
 12487 | D:9      | Found a blossoming altar of Fedhas.
 12688 | D:9      | Reached *** piety under Vehumet
 13111 | D:9      | Learned a level 3 spell: Inner Flame
 13113 | D:10     | Entered Level 10 of the Dungeon
 13179 | D:10     | Found a staircase to the Orcish Mines.
 13203 | D:10     | Offered knowledge of Mephitic Cloud by Vehumet.
 13203 | D:10     | Reached skill level 11 in Fire Magic
 13999 | D:10     | Found a radiant altar of Vehumet.
 14200 | D:10     | Reached XP level 11. HP: 74/74 MP: 23/23
 14686 | D:11     | Reached **** piety under Vehumet
 14759 | D:11     | Found Wutiby's Book Emporium.
 15002 | D:11     | Offered knowledge of Irradiate by Vehumet.
 15139 | D:11     | Found a stormy altar of Qazlal.
 15672 | D:11     | Slain by a shadow

Vault maps used:
D:1:      nicolae_arrival_washed_ashore, serial_bayou_ford_a, st_stairs_5,
          grunt_decor_arrowhead, glass_columns_a
D:3:      eat_drink_and_be_merry_uskayaw, first_ration, portal_sewer_entry_a,
          minmay_goblin_outpost
D:4:      tgw_trog, yredelemnul_altar_generic, minmay_temple_entry_crystal_x,
          elyvilon_altar_1, uniq_robin, uniq_blork_the_orc
D:5:      lemuel_blue_sif_altar, serial_shops, kennysheep_mini_moat
D:6:      serial_shops, shop_scrolls, kennysheep_generic_room_4
D:8:      nicolae_overflow_crystal_walls, old_standard_altar,
          grunt_lair_entry_orc_guard_hut, patterned_corridor
D:9:      nicolae_overflow_hidden_temple
D:10:     kennysheep_orc_monster_closet_entryway, basic_altar, grunt_ogre_cave,
          columned_hall_lemuel
D:11:     serial_shops, nicolae_shop_waterfront, basic_altar
Temple:   regret_index_temple_waves
Sewer:    kennysheep_pipe_town

Skill      XL: |  1  2  3  4  5  6  7  8  9 10 11 |
---------------+----------------------------------+-----
Stealth        | 2 3 4 5 6 7 |  7.1
Conjurations   | 2 3 4 6 7 9 |  9.8
Spellcasting   | 3 4 6 7 8 9 |  9.3
Fire Magic     | 4 5 6 8 9 11 | 11.9
Dodging        | |  1.7

Action                   |  1- 3 |  4- 6 |  7- 9 | 10-12 || total
-------------------------+-------+-------+-------+-------++-------
Melee: Unarmed           |    14 |       |       |       ||    14
       Club              |    27 |       |       |       ||    27
       Tailslap          |     3 |    27 |    27 |     4 ||    61
       Dagger            |    13 |   283 |   207 |    43 ||   546
       Trident           |       |       |    15 |    23 ||    38
 Cast: Flame Tongue      |    74 |    90 |   242 |   215 ||   621
       Throw Flame       |     4 |     2 |     1 |     3 ||    10
       Conjure Flame     |       |     3 |    12 |     9 ||    24
       Sticky Flame      |       |       |    14 |    25 ||    39
       Fireball          |       |       |     3 |    21 ||    24
       Shock             |       |       |     3 |     8 ||    11
       Inner Flame       |       |       |       |     2 ||     2
 Abil: Breathe Fire      |       |       |     2 |       ||     2
       Evoke Berserk Rag |       |       |     1 |       ||     1
  Use: Scroll            |       |     9 |     9 |       ||    18
       Potion            |       |     5 |     4 |       ||     9
  Eat: Chunk             |     5 |     5 |    16 |    13 ||    39
       Ration            |       |     2 |     2 |     2 ||     6
Armor: Skin              |    14 |   133 |    93 |    49 ||   289
Dodge: Dodged            |    61 |   441 |   286 |   152 ||   940

Table legend:
 A = Spawn XP
 B = Non-spawn XP
 C = Spawn XP percentage of total XP
 D = Spawn monster count
 E = Non-spawn monster count
 F = Spawn count percentage of total count
 G = Total turns spent on level
                    A         B        C        D         E        F      G
               +---------+---------+-------+---------+---------+-------+---------
         Total |       0 |   15647 |   0.0 |       0 |     323 |   0.0 | 15672
               +---------+---------+-------+---------+---------+-------+---------
           D:1 |       0 |      42 |   0.0 |       0 |      25 |   0.0 |  1500
           D:2 |       0 |     105 |   0.0 |       0 |      30 |   0.0 |  1284
           D:3 |       0 |     142 |   0.0 |       0 |      31 |   0.0 |  1104
           D:4 |       0 |     708 |   0.0 |       0 |      41 |   0.0 |  1362
           D:5 |       0 |     891 |   0.0 |       0 |      25 |   0.0 |  1503
           D:6 |       0 |     295 |   0.0 |       0 |       7 |   0.0 |  1372
           D:7 |       0 |     418 |   0.0 |       0 |      10 |   0.0 |  1066
           D:8 |       0 |    2471 |   0.0 |       0 |      28 |   0.0 |  1279
           D:9 |       0 |    2702 |   0.0 |       0 |      29 |   0.0 |  1449
          D:10 |       0 |    4306 |   0.0 |       0 |      47 |   0.0 |  1506
          D:11 |       0 |    3234 |   0.0 |       0 |      26 |   0.0 |  1053
         Sewer |       0 |     333 |   0.0 |       0 |      24 |   0.0 |  1017
               +---------+---------+-------+---------+---------+-------+---------
